[Event "Early-Titled-Tuesday-Blitz-March-26-2024"]
[Site "Chess.com"]
[Date "2024.03.26"]
[Round "4"]
[White "Hovik_Hayrapetyan"]
[Black "zverr1"]
[Result "1-0"]
[WhiteElo "2808"]
[BlackElo "2528"]
[TimeControl "180+1"]
[EndTime "8:38:18 PDT"]
[Termination "Hovik_Hayrapetyan won by checkmate"]

1. d4 Nf6 2. c4 g6 3. Nc3 d5 4.
Nf3 Bg7 5. Qb3 c6 6. cxd5 cxd5 7. Bf4 O-O 8. e3 Nc6 9. h3 a6 10. Be2 b5 11. O-O Na5 12. Qd1 Bb7 13. Rc1 Rc8 14. Ne5 Nd7 15. Nd3 Kh8 16. b3 f6 17. Bg4 f5 18.
Bf3 e6 19. Qd2 Qb6 20. Rc2 Nf6 21. Ne5 Rcd8 22. Be2 Nd7 23. Nf3 Rc8 24. Rfc1 Nf6 25. Ne5 Qd8 26. f3 Nc6 27. Nd3 Nd7 28. Bf1 Re8 29.
Bd6 Bf8 30. Bxf8 Rxf8 31. Ne2 Qe7 32. Nef4 Qd6 33. Nc5 Nxc5 34. Rxc5 Ne7 35. Qc3 Rc6 36. Rxc6 Nxc6 37. Qc5 Qxc5 38. Rxc5 Re8 39. a4 b4 40. Bxa6 Nxd4 41. Bxb7 Nxb3 42. Rb5 g5 43. Nh5 Rb8 44. Rxb4 Nc5 45. a5 e5 46. Rb5 d4 47. Rxc5 Rxb7 48. Rc8# 1-0

[Event "Early-Titled-Tuesday-Blitz-March-26-2024"]
[Site "Chess.com"]
[Date "2024.03.26"]
[Round "4"]
[White "Oligan22"]
[Black "ahmedkandiliii"]
[Result "1-0"]
[WhiteElo "2430"]
[BlackElo "2522"]
[TimeControl "180+1"]
[EndTime "8:38:18 PDT"]
[Termination "Oligan22 won on time"]

1. d4 Nf6 2. Nf3 g6 3. Nbd2 c5 4. dxc5 Bg7 5. a3 O-O 6. c4 a5 7.
e3 Qc7 8. Be2 Na6 9. b4 Ne4 10.
Nd4 Nc3 11. Qb3 Nxe2 12. Kxe2 axb4 13. axb4 Nxc5 14. Qb1 Rxa1 15. Qxa1 Ne6 16. Bb2 Nxd4+ 17. Bxd4 e5 18. Bc3 b6 19. f4 d6 20. Re1 Bb7 21. Kf2 Ra8 22. Qb2 Qc6 23. e4 b5 24. fxe5 dxe5 25. Bxe5 Bxe5 26. Qxe5 bxc4 27. Rc1 Ra2 28. Ke3 Qb6+ 29. Qc5 Qf6 30. Rxc4 Qb2 31. Qd4 Ra3+ 32. Kf4 Qxd4 33. Rxd4 Ra2 34. Rd7 Bc6 35. Rd8+ 1-0

[Event "Early-Titled-Tuesday-Blitz-March-26-2024"]
[Site "Chess.com"]
[Date "2024.03.26"]
[Round "4"]
[White "MatthewG-p4p"]
[Black "Chess_Gainz"]
[Result "0-1"]
[WhiteElo "2866"]
[BlackElo "2567"]
[TimeControl "180+1"]
[EndTime "8:38:19 PDT"]
[Termination "Chess_Gainz won by checkmate"]

1. e4 c5 2. a3 g6 3. Nc3 Bg7 4.
Bc4 Nc6 5. d3 d6 6. Ba2 Nf6 7.
f4 O-O 8. Nf3 e6 9. O-O Rb8 10.
Qe1 b5 11. Qh4 b4 12. axb4 Nxb4 13. Bb1 Qb6 14. Kh1 Bb7 15. f5 exf5 16. exf5 d5 17. Bh6 d4 18. Na4 Qc6 19. c3 dxc3 20. bxc3 Nbd5 21. d4 cxd4 22. cxd4 Bxh6 23. Qxh6 Ng4 24. Qh4 Nde3 25. Bd3 Nxf1 26. Bxf1 Ne3 27. f6 Nf5 28. Qg5 h6 29. Qf4 Qe4 30. Qxe4 Bxe4 31. Ne5 Rb4 32. Nc5 Rxd4 33. Kg1 Re8 34. Nc4 Bd5 35.
Nb2 Ne3 36. Bd3 Nc4 37. Bxc4 Bxc4 38. Rxa7 Rd2 39. Nxc4 Re1# 0-1

[Event "Early-Titled-Tuesday-Blitz-March-26-2024"]
[Site "Chess.com"]
[Date "2024.03.26"]
[Round "4"]
[White "1mbl4"]
[Black "DmitriiZakurdaev"]
[Result "1-0"]
[WhiteElo "2572"]
[BlackElo "2395"]
[TimeControl "180+1"]
[EndTime "8:38:19 PDT"]
[Termination "1mbl4 won by resignation"]

1. d4 d5 2. Nf3 Nf6 3. g3 e6 4. Bg2 Be7 5. O-O O-O 6. c4 dxc4 7. Qc2 a6 8. Qxc4 b5 9. Qc2 Bb7 10. Bd2 Be4 11. Qc1 c6 12. Nc3 Bxf3 13. Bxf3 Qxd4 14. Be3 Qd8 15. a4 b4 16. Rd1 Qa5 17. Ne4 Nd5 18. Bc5 Bxc5 19. Qxc5 Qxc5 20. Nxc5 a5 21. e4 Nb6 22. Be2 Ra7 23. Rac1 Rc8 24. Rd6 g6 25. Rcd1 Kg7 26. f4 Rcc7 27. b3 N8d7 28. Na6 Rxa6 29. Bxa6 Nc5 30. Rc1 Nxb3 31. Rcxc6 Rxc6 32. Rxc6 Nxa4 33. Rc7 Nc3 34. Bc4 Nd4 35. e5 a4 36. Rd7 Nde2+ 37.
Kf1 Nc1 38. Bxe6 b3 39. Rxf7+ Kh6 40. g4 b2 41. g5+ 1-0

[Event "Early-Titled-Tuesday-Blitz-March-26-2024"]
[Site "Chess.com"]
[Date "2024.03.26"]
[Round "4"]
[White "lacafi"]
[Black "DinaBelenkaya"]
[Result "0-1"]
[WhiteElo "2310"]
[BlackElo "2483"]
[TimeControl "180+1"]
[EndTime "8:38:19 PDT"]
[Termination "DinaBelenkaya won by resignation"]

1. d4 Nf6 2. Nf3 e6 3. e3 c5 4. Bd3 b6 5. Nbd2 Bb7 6. Qe2 Be7 7. O-O O-O 8. c3 d5 9. dxc5 bxc5 10. e4 c4 11. Bc2 dxe4 12. Nxe4 Qd5 13. Rd1 Qh5 14. Qxc4 Nbd7 15. Ng3 Qc5 16. Qe2 Rfd8 17. Be3 Qc6 18.
Ne1 Ne5 19. Rac1 Neg4 20. h3 Nxe3 21. Qxe3 Bc5 22. Qg5 Qb6 23. Nd3 Rxd3 24. Rxd3 Bxf2+ 25. Kh1 Ba6 26. Rf3 Bb7 27. Rxf6 Be3 28. Qg4 Bxc1 29.
Nh5 g6 30. Bxg6 hxg6 31. Rxg6+ Kf8 32. Rg8+ Ke7 33. Qh4+ Kd6 34. Qg3+ Kd7 35. Qg7 Qc6 36. Qxf7+ Kd6 37. Qf4+ Kc5 38. Qg4 Kb6 39. Qf3 Qxf3 40.
gxf3 Bxf3+ 41. Kh2 Rxg8 0-1

[Event "Early-Titled-Tuesday-Blitz-March-26-2024"]
[Site "Chess.com"]
[Date "2024.03.26"]
[Round "4"]
[White "profedechess93"]
[Black "VladimirKramnik"]
[Result "0-1"]
[WhiteElo "2649"]
[BlackElo "2997"]
[TimeControl "180+1"]
[EndTime "8:38:20 PDT"]
[Termination "VladimirKramnik won by checkmate"]

1. e4 e6 2. d4 d5 3. Nc3 Nf6 4. Bg5 dxe4 5. Nxe4 Nbd7 6. Nf3 h6 7. Nxf6+ Nxf6 8.
Bxf6 Qxf6 9. Bb5+ c6 10. Bd3 g6 11. Qe2 Bg7 12. h4 c5 13. Bb5+ Ke7 14. O-O-O Rd8 15.
Qc4 b6 16. Bc6 Rb8 17. g3 Kf8 18. h5 g5 19. c3 cxd4 20. Nxd4 Kg8 21. f4 gxf4 22.
gxf4 Qxf4+ 23. Kb1 b5 24. Qc5 b4 25. Rhg1 bxc3 26. Qxc3 e5 27. Nb3 Bf5+ 28. Ka1 Rxd1+ 29. Rxd1 e4 30. Rg1 Bg4 31. Qa5 Qf2 32. Rb1 Bf5 33.
Qc7 Rc8 34. Qd6 e3 35. Bd7 Bxb1 36. Nd4 Rd8 37. Nf5 Qxb2# 0-1

[Event "Early-Titled-Tuesday-Blitz-March-26-2024"]
[Site "Chess.com"]
[Date "2024.03.26"]
[Round "4"]
[White "Durarbayli"]
[Black "Karttunen"]
[Result "1-0"]
[WhiteElo "2928"]
[BlackElo "2750"]
[TimeControl "180+1"]
[EndTime "8:38:21 PDT"]
[Termination "Durarbayli won by resignation"]

1. e4 e5 2. Nf3 Nc6 3. d4 exd4 4.
Nxd4 Bc5 5. Nb3 Bb6 6. Qe2 a5 7. a4 Qf6 8. Nc3 Nb4 9. Nb5 Ne7 10. c3 Na6 11. Be3 Bxe3 12. Qxe3 b6 13. e5 Qe6 14. N3d4 Qd5 15. Be2 Rb8 16. O-O O-O 17. Bf3 Qc5 18. b4 axb4 19. cxb4 Qxb4 20. Rfb1 Qa5 21. Nb3 Qb4 22.
N3d4 Qa5 23. Qg5 Ng6 24. h4 c6 25. h5 cxb5 26. hxg6 hxg6 27. axb5 Qc3 28. bxa6 Bxa6 29. Rxa6 Qxd4 30. Qe3 Qxe3 31. fxe3 b5 32. Rd6 Rfe8 33. Rd5 b4 34. Bg4 b3 35. Bxd7 Red8 36. Rb2 Kf8 37. Bc6 Rdc8 38. Ba4 Rc3 39. Kf2 g5 40. Rd4 g6 41.
Re4 Ke7 42. e6 f5 43. Re5 Rb4 44. Ra5 Kxe6 45. Ke2 Re4 46. Bxb3+ Ke7 47. Ra7+ Kf8 48. Ba2 Rexe3+ 49. Kf2 Re7 50. Rb8+ Re8 51. Rf7+ 1-0

[Event "Early-Titled-Tuesday-Blitz-March-26-2024"]
[Site "Chess.com"]
[Date "2024.03.26"]
[Round "4"]
[White "kids2010"]
[Black "Orest_Vovk"]
[Result "1-0"]
[WhiteElo "2796"]
[BlackElo "2567"]
[TimeControl "180+1"]
[EndTime "8:38:22 PDT"]
[Termination "kids2010 won on time"]

1. e4 Nc6 2. Nc3 Nf6 3. d4 e6 4.
e5 Nd5 5. Nf3 Nxc3 6. bxc3 d6 7.
Bd3 dxe5 8. dxe5 Be7 9. O-O Qd5 10. Qe2 Bd7 11. Rb1 O-O-O 12. Rb5 Qxa2 13. Be3 a6 14. Rbb1 Qa5 15. Ra1 Qxc3 16. Bxa6 Nb4 17. Bd3 Bc6 18. Rfd1 b6 19. Bd2 Qc5 20. Bxb4 Qxb4 21.
Rdb1 Qg4 22. Kf1 Bc5 23. h3 Bxf3 24. Qxf3 Qxf3 25. gxf3 Kd7 26. Ra7 Ra8 27. Bb5+ Ke7 28. Rxc7+ Kf8 29. Rd1 Kg8 30. Rdd7 Rf8 31. f4 h5 32. f5 Rh6 33. Bc4 Kh8 34. f4 exf5 35. Rxf7 Rxf7 36. Bxf7 Be3 37. e6 Bc5 38. Rxc5 Rxe6 39.
Rc8+ 1-0

[Event "Early-Titled-Tuesday-Blitz-March-26-2024"]
[Site "Chess.com"]
[Date "2024.03.26"]
[Round "4"]
[White "Rashad_Zeynalli"]
[Black "KorolDimitriy75"]
[Result "1-0"]
[WhiteElo "2685"]
[BlackElo "2382"]
[TimeControl "180+1"]
[EndTime "8:38:22 PDT"]
[Termination "Rashad_Zeynalli won on time"]

1. d4 Nf6 2. Bf4 c5 3. d5 Qb6 4. Nc3 Qxb2 5. Bd2 Qb6 6. Rb1 Qd8 7. e4 d6 8. a4 a6 9. Nf3 g6 10. Bc4 Bg7 11. O-O O-O 12. Re1 Nbd7 13. h3 Ne8 14. Ne2 b6 15. Bc3 Rb8 16. Bxg7 Kxg7 17. Ng3 Nc7 18. Qd2 b5 19. Bd3 c4 20. Bf1 Nc5 21. axb5 axb5 22. Bxc4 Ba6 23. Bf1 f6 24. Nd4 Qd7 25. Ra1 Rb6 26. Ra2 b4 27. Bxa6 N7xa6 28. Re3 Kg8 29. Rf3 Rc8 30. Qh6 Qe8 31. Ngf5 Qf7 32.
Rg3 Kh8 33. Nh4 Rg8 34. Ne6 Rbb8 35. Nxc5 Nxc5 36. Ra7 Nxe4 37. Re3 f5 38. f3 Qf6 39. fxe4 Qd4 40. Rxe7 Rg7 41. Nxg6+ Kg8 42. Rxg7+ Qxg7 43. Qxg7+ Kxg7 44. Ne7 fxe4 45. Rxe4 Kf6 46. Re6+ Kf7 47. Nf5 Ra8 48. Nxd6+ Kg7 49. Nf5+ Kf7 50. Nh6+ Kg7 51. d6 Ra1+ 52. Kh2 Rd1 53. Nf5+ Kf7 54. Re7+ Kf6 55. g4 h5 56. d7 hxg4 57. hxg4 Rd5 58. Rh7 Kg6 59.
Rh6+ Kg5 60. Rd6 Rxd6 61. Nxd6 b3 62. d8=Q+ 1-0

[Event "Early-Titled-Tuesday-Blitz-March-26-2024"]
[Site "Chess.com"]
[Date "2024.03.26"]
[Round "4"]
[White "Practical-Play"]
[Black "Chessdude1987"]
[Result "0-1"]
[WhiteElo "2509"]
[BlackElo "2389"]
[TimeControl "180+1"]
[EndTime "8:38:22 PDT"]
[Termination "Chessdude1987 won on time"]

1. e4 e6 2. d4 d5 3. Be3 Nf6 4. e5 Nfd7 5. c3 c5 6. f4 Nc6 7. Nf3 f6 8. Bd3 Be7 9. h4 Qb6 10. Qe2 c4 11. Bc2 Nf8 12. h5 Bd7 13. h6 gxh6 14.
exf6 Bxf6 15. Rxh6 Bg7 16. Rh1 O-O-O 17. Bc1 Ng6 18. Ng5 Nxf4 19. Bxf4 Qxb2 20. Nf7 Qxa1 21. Nxh8 Bxh8 22. Rxh7 Bxd4 23. cxd4 Nxd4 24. Qd2 e5 25. Be3 Nxc2+ 26. Qxc2 Kb8 27. Bd2 d4 28. Qe4 d3 29. Qxe5+ Qxe5+ 30. Kd1 Ba4+ 31. Kc1 Rf8 32. Nc3 Bc6 33. g3 Qf5 34. Re7 Qf1+ 35. Kb2 a6 36.
Be3 Qg2+ 37. Ka3 d2 38. Re6 Qxg3 39. Rd6 Qxe3 40. Kb2 Kc7 0-1

[Event "Early-Titled-Tuesday-Blitz-March-26-2024"]
[Site "Chess.com"]
[Date "2024.03.26"]
[Round "4"]
[White "RebelJohnny"]
[Black "blitzking1729"]
[Result "0-1"]
[WhiteElo "2555"]
[BlackElo "2762"]
[TimeControl "180+1"]
[EndTime "8:38:23 PDT"]
[Termination "blitzking1729 won on time"]

1. e4 d6 2. d4 Nf6 3. Nc3 e5 4. Nf3 Nbd7 5. Bc4 Be7 6. a4 O-O 7. O-O c6 8. h3 h6 9. Re1 Re8 10. Be3 Bf8 11. d5 cxd5 12. Nxd5 Nxe4 13. Bxh6 Nxf2 14.
Kxf2 gxh6 15. Re4 Nc5 16. Re1 Bg7 17. b4 Nd7 18. Kg1 e4 19. Nd4 Ne5 20. Bb3 Qg5 21. Kh2 Ng6 22. c3 Be5+ 23. Kg1 Bxh3 24. Qe2 Nh4 25.
Ne3 Qg3 26. Qf2 Qxf2+ 27. Kxf2 Bd7 28. Nd5 Rac8 29. Rac1 Nf5 30. Rxe4 Bxd4+ 31. Rxd4 Nxd4 32. Nf6+ Kh8 33. Nxe8 Nxb3 34. Rd1 Rxe8 35. Rxd6 Be6 36. b5 Rc8 37. g3 Kg7 0-1

[Event "Early-Titled-Tuesday-Blitz-March-26-2024"]
[Site "Chess.com"]
[Date "2024.03.26"]
[Round "4"]
[White "ChelsieMonica"]
[Black "Harry_Rakkel"]
[Result "0-1"]
[WhiteElo "2544"]
[BlackElo "2731"]
[TimeControl "180+1"]
[EndTime "8:38:24 PDT"]
[Termination "Harry_Rakkel won by resignation"]

1. e4 c6 2. d4 d5 3. Nc3 a6 4.
exd5 cxd5 5. Nf3 Nc6 6. h3 Bf5 7. Bd3 Bg6 8. a3 Nf6 9. O-O e6 10. Re1 Qc7 11. Bxg6 hxg6 12. Ne5 Nxe5 13. Rxe5 Bd6 14.
Re2 b5 15. Bg5 O-O 16. Qd3 Bh2+ 17. Kh1 Bf4 18. Bxf6 gxf6 19. g3 Bh6 20. Kg2 Rab8 21. Nd1 a5 22. b3 f5 23. a4 b4 24. g4 fxg4 25. hxg4 Bg7 26. Ne3 Qf4 27. Rd1 Rfc8 28. Red2 Rc3 29. Qe2 Rbc8 30. Rd3 Rxd3 31. Rxd3 Bxd4 32.
Nf1 Bg7 33. Ne3 Be5 34. Nf1 Bb8 35. Rh3 Qe5 36. Qd3 Qe4+ 37. Qxe4 dxe4 38. Ne3 Rc3 39. Nc4 Rxc2 40. Nxa5 Ba7 41. Nc4 Rxf2+ 42. Kh1 Rf1+ 43. Kg2 Rg1+ 44. Kh2 Rxg4 45. a5 Rg5 46. Rh4 e3 47. Re4 Rd5 48. a6 Rd3 49. Ne5 Rd6 50. Rxb4 Rxa6 51. Rb7 e2 52. Nf3 Bf2 53. Kg2 e1=Q 54. Nxe1 Bxe1 0-1

[Event "Early-Titled-Tuesday-Blitz-March-26-2024"]
[Site "Chess.com"]
[Date "2024.03.26"]
[Round "4"]
[White "Happy1712Drummer"]
[Black "IshviAggarwal"]
[Result "1-0"]
[WhiteElo "2437"]
[BlackElo "2178"]
[TimeControl "180+1"]
[EndTime "8:38:25 PDT"]
[Termination "Happy1712Drummer won on time"]

1. e4 e5 2. Nf3 Nc6 3. Nc3 Nf6 4. d4 exd4 5. Nd5 d6 6. Nxd4 Nxd4 7. Qxd4 Nxd5 8. exd5 Bd7 9. Bd3 Be7 10. Qxg7 Bf6 11. Qg3 Qe7+ 12. Qe3 Qxe3+ 13. fxe3 Ke7 14. c3 Be5 15. g3 h5 16. e4 h4 17. Bg5+ Bf6 18.
gxh4 Rag8 19. Bxf6+ Kxf6 20. Rf1+ Ke7 21. Rf4 Rg2 22.
O-O-O Rxh2 23. Rdf1 Be8 24. Rf5 R8xh4 25. e5 R4h3 26.
exd6+ Kxd6 27. Bc2 Re3 28. Rf6+ Ke7 29. R6f2 Rxf2 30.
Rxf2 Kd6 31. Kd2 Re5 32. c4 Kc5 33. b3 b5 34. Kc3 b4+ 35. Kd2 a5 36. Rf6 c6 37. d6 1-0

[Event "Early-Titled-Tuesday-Blitz-March-26-2024"]
[Site "Chess.com"]
[Date "2024.03.26"]
[Round "4"]
[White "Shuvalov"]
[Black "NastyaHn"]
[Result "1-0"]
[WhiteElo "2606"]
[BlackElo "2452"]
[TimeControl "180+1"]
[EndTime "8:38:26 PDT"]
[Termination "Shuvalov won on time"]

1. d4 d5 2. c4 e6 3. Nf3 Nf6 4.
Nc3 Be7 5. Bf4 O-O 6. e3 c5 7. dxc5 Bxc5 8. a3 dxc4 9. Bxc4 Nc6 10. O-O h6 11. Qe2 Nh5 12. Rad1 Nxf4 13. exf4 Qc7 14. Ne5 a6 15. Bd3 Nd4 16. Qe4 f5 17. Qe1 b5 18. Rc1 Qd6 19. b4 Bb6 20. Ng6 Rf6 21.
Qe5 Qd8 22. Nh4 Bb7 23. Rfd1 Rf7 24. Ng6 Rd7 25. Bf1 Qe8 26. Nh4 Rad8 27. Rd3 Qh5 28. Rh3 Qg4 29. Nd1 Bxg2 30. Ne3 Bxh3+ 31. Nxg4 Bxg4 32. h3 Bh5 33. Bg2 Bf7 34. Nf3 Nxf3+ 35. Bxf3 Bd4 36. Qe2 Bf6 37. Kg2 Rd2 38. Qe3 Rb2 39.
Rd1 Rxd1 40. Bxd1 Ra2 41. Bf3 e5 42. fxe5 Bg5 43. Qd3 Bc4 44. Bd5+ 1-0

[Event "Early-Titled-Tuesday-Blitz-March-26-2024"]
[Site "Chess.com"]
[Date "2024.03.26"]
[Round "4"]
[White "MyDream003"]
[Black "FormerProdigy"]
[Result "0-1"]
[WhiteElo "2788"]
[BlackElo "2979"]
[TimeControl "180+1"]
[EndTime "8:38:30 PDT"]
[Termination "FormerProdigy won on time"]

1. e4 e5 2. Nf3 Nc6 3. Bb5 a6 4.
Ba4 Nf6 5. O-O Be7 6. Re1 b5 7. Bb3 O-O 8. h3 Bb7 9. d3 d6 10. c3 Na5 11. Bc2 c5 12. Nbd2 Nc6 13. Nf1 d5 14. exd5 Qxd5 15. Ng3 Rad8 16. Qe2 Rfe8 17. Bb3 Qxd3 18. Qxd3 Rxd3 19. Nxe5 Nxe5 20. Rxe5 c4 21. Bc2 Rdd8 22. a4 Bd6 23. Rxe8+ Rxe8 24. Kf1 h6 25. axb5 axb5 26. Nf5 Bc5 27. Be3 Bxe3 28. Nxe3 Be4 29. Bxe4 Nxe4 30. Ra5 Rb8 31. Ke2 Nc5 32. Nd5 Re8+ 33.
Kf3 Re5 34. Nc7 Rf5+ 35. Ke3 Nd3 36. Rxb5 Rxf2 37. b3 Rxg2 38. bxc4 Rg3+ 39. Kd4 Rxh3 40. c5 Nf4 41. c6 Ne2+ 0-1

[Event "Early-Titled-Tuesday-Blitz-March-26-2024"]
[Site "Chess.com"]
[Date "2024.03.26"]
[Round "4"]
[White "SpeedofLight0"]
[Black "superchess02"]
[Result "0-1"]
[WhiteElo "3069"]
[BlackElo "2868"]
[TimeControl "180+1"]
[EndTime "8:38:31 PDT"]
[Termination "superchess02 won by checkmate"]

1. d4 Nf6 2. Nc3 d5 3. Bf4 Bf5 4. e3 e6 5. Bd3 Bg6 6. Nf3 Bd6 7. Ne5 Bxd3 8. cxd3 Nbd7 9. Qb3 Nb6 10. Rc1 O-O 11.
Bg5 h6 12. Bh4 Be7 13. O-O Nfd7 14. Bg3 Nxe5 15. Bxe5 c6 16. a4 a5 17. Bg3 Ra7 18. Rfe1 Nd7 19. Re2 Qb6 20. Qd1 Raa8 21. f4 c5 22. Nb5 cxd4 23. exd4 Rfc8 24. f5 Bg5 25. Rc7 exf5 26. h4 f4 27. Rxd7 f3 28. hxg5 fxe2 29. Qxe2 Rc1+ 30. Kh2 hxg5 31. Qh5 Qf6 32. Nd6 Rf8 33.
Be5 Qf1 34. Qxg5 Qh1+ 35. Kg3 Qe1+ 36. Kh3 Qh1+ 37. Bh2 Rd1 38. Qg3 Qf1 39. Qg4 Rxd3+ 40. Kh4 Qh1 41. Qf4 Qxg2 42. Bg3 Qh1+ 43. Kg4 g6 44. Rxf7 Qh5# 0-1

[Event "Early-Titled-Tuesday-Blitz-March-26-2024"]
[Site "Chess.com"]
[Date "2024.03.26"]
[Round "4"]
[White "Zurability"]
[Black "Nf3c5"]
[Result "0-1"]
[WhiteElo "2708"]
[BlackElo "2550"]
[TimeControl "180+1"]
[EndTime "8:38:31 PDT"]
[Termination "Nf3c5 won by checkmate"]

1. e4 c5 2. Nf3 Nc6 3. c3 Nf6 4. e5 Nd5 5. d4 cxd4 6. cxd4 d6 7. Be2 dxe5 8. dxe5 Bf5 9. O-O e6 10. a3 Be7 11. b4 O-O 12. Bb2 Nf4 13. Bb5 Qb6 14.
Nc3 Rad8 15. Qc1 Nd3 16. Bxd3 Bxd3 17. Re1 a5 18. Na4 Qb5 19. Nc3 Qc4 20. b5 Na7 21. a4 Nc8 22. Nd2 Qg4 23. Nb3 Bb4 24. Re3 Nb6 25.
Rg3 Qh5 26. Ba3 Bxa3 27. Qxa3 Qxe5 28. Nxa5 Rc8 29. Rxd3 Nd5 30. Rc1 Nf4 31. Re3 Qg5 32. g3 Nh3+ 33. Kg2 Qf5 34. Ne4 Rcd8 35. Nc4 Rd4 36.
Qc5 Rd5 37. Qb6 Qg4 38. f3 Nf4+ 39. Kh1 Qh3 40. gxf4 Rfd8 41. Rg1 Rd1 42. Ncd2 Rxg1+ 43. Kxg1 Rc8 44. Qd4 Rc1+ 45. Kf2 Qxh2# 0-1

[Event "Early-Titled-Tuesday-Blitz-March-26-2024"]
[Site "Chess.com"]
[Date "2024.03.26"]
[Round "4"]
[White "temus_galaktionov"]
[Black "Polish_fighter3000"]
[Result "1/2-1/2"]
[WhiteElo "2890"]
[BlackElo "3110"]
[TimeControl "180+1"]
[EndTime "8:38:33 PDT"]
[Termination "Game drawn by repetition"]

1. d4 Nf6 2. c4 g6 3. Nf3 Bg7 4. Nc3 d6 5. e4 O-O 6. Be2 e5 7. O-O h6 8. dxe5 dxe5 9. Nxe5 Nxe4 10. Nxe4 Bxe5 11. Bxh6 Qh4 12. f4 Qxh6 13. fxe5 Qe3+ 14. Nf2 Nc6 15. Re1 Qxe5 16. Qc1 Qc5 17. Qf4 Nd4 18.
Bd3 Bf5 19. b4 Qd6 20. Qxd6 cxd6 21. Bxf5 Nxf5 22. Re4 a5 23. b5 Rac8 24. Rd1 Rfe8 25. g4 Nh4 26. Rxd6 Rxe4 27. Nxe4 Rxc4 28. Nf6+ Kg7 29. Kf2 g5 30. Nh5+ Kf8 31. Rd7 Rxg4 32. Rxb7 Rg2+ 33. Ke3 Nf5+ 34. Kd3 Rxh2 35. Nf6 Rxa2 36.
b6 Kg7 37. Ne4 Kg6 38. Rb8 Rb2 39. Rg8+ Kh7 40. Rxg5 Ng7 41. Rxa5 Rxb6 42. Ke3 Kg6 43. Rg5+ Kh6 44. Rg1 Rb3+ 45. Kf4 Rb5 46. Rh1+ Kg6 47.
Rg1+ Kh6 48. Rh1+ Nh5+ 49. Ke3 Rb3+ 50. Kd4 Rb4+ 51. Ke5 Rb5+ 52. Kd4 Rf5 53. Ng3 Ra5 54.
Ke4 Ra4+ 55. Ke5 Ra5+ 56. Ke4 Ra4+ 57. Ke5 f6+ 58. Ke6 Ra6+ 59. Kf7 Ra7+ 60. Ke6 Ra6+ 61. Kf7 Ra7+ 62. Ke6 Ra6+ 1/2-1/2

[Event "Early-Titled-Tuesday-Blitz-March-26-2024"]
[Site "Chess.com"]
[Date "2024.03.26"]
[Round "4"]
[White "Anton_Demchenko"]
[Black "Mindhunter08"]
[Result "1/2-1/2"]
[WhiteElo "3002"]
[BlackElo "2671"]
[TimeControl "180+1"]
[EndTime "8:38:33 PDT"]
[Termination "Game drawn by repetition"]

1. e4 e5 2. Nf3 Nc6 3. Bc4 Nf6 4. d3 Bc5 5. Bg5 h6 6. Bh4 g5 7. Bg3 d6 8. c3 Bg4 9. Nbd2 Qe7 10. a4 a5 11. Bb5 Kf8 12. h4 Nh5 13. hxg5 Nxg3 14. fxg3 Kg7 15. gxh6+ Rxh6 16. Rxh6 Kxh6 17. Qe2 Rh8 18.
O-O-O Kg7 19. Nc4 Qf6 20. Kb1 Na7 21. Ne3 Bxf3 22. gxf3 Bxe3 23. Qxe3 Nxb5 24. axb5 Rh3 25. Rg1 b6 26. d4 Qe6 27. d5 Qg6 28. g4 Qh6 29. Qd3 Qf4 30. Rf1 Qxg4 31. Qe2 Qf4 32. Rg1+ Rg3 33. Rxg3+ Qxg3 34. Kc2 Kf6 35. Kb3 Ke7 36.
Kc2 Kd8 37. b4 axb4 38. cxb4 Kc8 39. Kb3 Kd7 40. Kc4 Kd8 41. Kd3 Kd7 42. Kc2 Kd8 43.
Qd3 Qf2+ 44. Kb3 Kd7 45. Qc3 Kd8 46. Qd3 Kc8 47. Kc4 Kd7 48. Kc3 Qe1+ 49. Kb3 Qf2 50.
Qc3 Kd8 51. Ka3 Kc8 52. Qd3 Kd8 53. Kb3 1/2-1/2

[Event "Early-Titled-Tuesday-Blitz-March-26-2024"]
[Site "Chess.com"]
[Date "2024.03.26"]
[Round "4"]
[White "emeli_chess"]
[Black "xakevicius91"]
[Result "0-1"]
[WhiteElo "2387"]
[BlackElo "2537"]
[TimeControl "180+1"]
[EndTime "8:38:33 PDT"]
[Termination "xakevicius91 won by resignation"]

1. d4 Nf6 2. c4 e6 3. Nc3 Bb4 4.
Qc2 O-O 5. e4 d6 6. e5 Nfd7 7.
Nf3 c5 8. dxc5 Nxe5 9. Nxe5 dxe5 10. Be3 Na6 11. Rd1 Qe7 12. Bd3 h6 13. O-O Bxc5 14.
Bxc5 Nxc5 15. Be2 Bd7 16. b4 Na6 17. a3 Rac8 18. Qe4 b6 19. Qxe5 Nb8 20. Qd6 Qg5 21. Rd4 e5 22. Rd3 Bc6 23. Rg3 Qf4 24. Rg4 Qf5 25. Nd5 Bxd5 26. Qxd5 Nc6 27. Qe4 Qxe4 28.
Rxe4 f5 29. Re3 Rfe8 30. Rd3 Nd4 31. Bd1 Rxc4 32. f4 e4 33. Rd2 Kf8 34. Ba4 b5 35. Bd1 e3 36. Rxd4 Rxd4 37. Re1 Rd2 38. Bf3 a6 39. Bb7 Re6 40. Bc8 Re7 41. Bxf5 Ra2 42.
Bg4 Rxa3 43. h4 a5 44. h5 axb4 45. Bf5 b3 46. Re2 Ra2 47. Kh2 Rxe2 0-1

[Event "Early-Titled-Tuesday-Blitz-March-26-2024"]
[Site "Chess.com"]
[Date "2024.03.26"]
[Round "4"]
[White "kingofthenil"]
[Black "biveklama"]
[Result "0-1"]
[WhiteElo "2771"]
[BlackElo "2576"]
[TimeControl "180+1"]
[EndTime "8:38:34 PDT"]
[Termination "biveklama won by resignation"]

1. e4 e5 2. Nf3 Nc6 3. d4 exd4 4. Nxd4 Bc5 5. Nf3 d6 6. Bc4 Be6 7. Bd5 Nf6 8. O-O O-O 9. Bg5 h6 10. Bh4 Bxd5 11. exd5 Ne5 12. Nbd2 Ng6 13. Bxf6 Qxf6 14.
c3 Rae8 15. g3 h5 16. h4 Qf5 17. Nb3 Qg4 18. Nxc5 dxc5 19. Ng5 Re2 20. Qd3 Rfe8 21. b4 c4 22. Qf3 Ne5 23. Qxg4 Nxg4 24. Nh3 Rc2 25. Nf4 Rxc3 26. Rac1 Rxc1 27. Rxc1 b5 28. a4 a6 29. f3 Nf6 30. Kf2 Rd8 31. Rd1 Rd6 32. axb5 axb5 33. Ke3 c6 34. dxc6 Rxd1 35.
c7 Re1+ 36. Kd4 Re8 37. Kc5 Rc8 38. Kc6 Ne8 39. Kd7 Rxc7+ 40. Kd8 Ra7 41. Kxe8 Ra4 42. Nd5 c3 43. Nxc3 Rxb4 44. Ke7 Rb3 45. Ne4 Rxf3 46.
Kd6 b4 47. Nd2 Rd3+ 0-1

[Event "Early-Titled-Tuesday-Blitz-March-26-2024"]
[Site "Chess.com"]
[Date "2024.03.26"]
[Round "4"]
[White "NovoselovRoman"]
[Black "lukazz029"]
[Result "1-0"]
[WhiteElo "2556"]
[BlackElo "2011"]
[TimeControl "180+1"]
[EndTime "8:38:35 PDT"]
[Termination "NovoselovRoman won by resignation"]

1. d4 Nf6 2. Nc3 d5 3. Bf4 Bf5 4. e3 e6 5. Bd3 Bxd3 6. Qxd3 a6 7.
Nf3 c5 8. O-O-O Nc6 9. e4 cxd4 10. Nxd4 dxe4 11. Nxe4 Qxd4 12. Nxf6+ gxf6 13. Qxd4 Nxd4 14. Rxd4 Bc5 15. Rd2 Rd8 16. Re2 Rd5 17. c3 Ke7 18. Rd1 Rhd8 19. Rxd5 Rxd5 20. Kc2 Ba7 21. a4 Rf5 22.
Bg3 Rd5 23. b4 Rd7 24. f3 Rd5 25. Bf4 Kd7 26. Re4 f5 27. Rc4 Bb6 28. a5 Bd8 29. Be3 Be7 30. Bb6 Bd6 31. Rh4 Re5 32. Kd3 Re1 33.
Rxh7 Rd1+ 34. Ke2 Rb1 35. Rxf7+ Kc6 36. Kd3 Rb2 37. Rg7 Rb3 38. Kc4 Rb2 39. h4 Be5 40. Rg6 Kd7 41. Bd4 Bd6 42. h5 Rb1 43. h6 Rh1 44.
Rg7+ Kc6 45. h7 e5 46. Bc5 Bxc5 47. bxc5 e4 48. fxe4 fxe4 49. Kd4 Rh4 50. g4 e3 51. Kxe3 Kxc5 52. g5 Kc6 53. g6 Kb5 54. Rg8 Kxa5 55. h8=Q 1-0

[Event "Early-Titled-Tuesday-Blitz-March-26-2024"]
[Site "Chess.com"]
[Date "2024.03.26"]
[Round "4"]
[White "InitiatingASC"]
[Black "DucksParadise"]
[Result "1-0"]
[WhiteElo "2347"]
[BlackElo "2478"]
[TimeControl "180+1"]
[EndTime "8:38:35 PDT"]
[Termination "InitiatingASC won on time"]

1. d4 Nf6 2. c4 e5 3. dxe5 Ne4 4. Nf3 b6 5. g3 Bb7 6. Bg2 Bb4+ 7. Nbd2 Qe7 8. O-O Nxd2 9. Bxd2 Nc6 10. Bf4 O-O-O 11.
a3 d6 12. e6 Bc5 13. b4 fxe6 14. Bg5 Qf7 15. Bxd8 Rxd8 16. bxc5 dxc5 17. Qc2 Nd4 18.
Nxd4 Bxg2 19. Kxg2 cxd4 20. Qe4 Kb8 21. Qe5 Qd7 22.
c5 Qc6+ 23. Kg1 Rd5 24. Qxg7 Qxc5 25. Rac1 Qd6 26. Qxh7 c5 27. a4 a6 28. Qh6 Kb7 29.
f4 Qc6 30. f5 exf5 31. Qxc6+ Kxc6 32. Rf3 b5 33. axb5+ axb5 34. h4 c4 35. h5 f4 36.
Rxf4 Rxh5 37. Rxd4 Kc5 38. Rf4 Rh8 39. Kg2 Re8 40. Kf3 Kb4 41. g4 Kb3 42. g5 c3 43. Kg4 c2 44. g6 Kb2 45. Rxc2+ Kxc2 46. Rb4 Rxe2 47. Rxb5 Kc3 48. Rg5 Rg2+ 49. Kf5 Rf2+ 50. Ke6 Re2+ 51. Kf7 Rf2+ 52. Ke8 Re2+ 53. Kf8 Rf2+ 54.
Kg8 Kd4 55. g7 Ke4 56. Kh7 Rh2+ 57. Kg6 1-0